[ PARTIDA AOE2 · #467279358 ]
Team RMJemeres vs Hindustanis
[ ANÁLISIS DE REPETICIÓN · EXTRAÍDO DE LA PARTIDA GRABADA ]
Feudal
—
Castillos
—
Imperial
—
| APM promedio | 32.6 |
| APM pico | 53 |
| eAPM promedio | 17.9 |
| Aldeanos / militares | 5 / 0 |
Foco
⚔️ 0.0% · 🌾 100.0%
Feudal
—
Castillos
—
Imperial
—
| APM promedio | 23.4 |
| APM pico | 39 |
| eAPM promedio | 10.3 |
| Aldeanos / militares | 5 / 0 |
Foco
⚔️ 25.0% · 🌾 75.0%
Feudal
—
Castillos
—
Imperial
—
| APM promedio | 51.1 |
| APM pico | 51 |
| eAPM promedio | 14.7 |
| Aldeanos / militares | 5 / 0 |
Foco
⚔️ 0.0% · 🌾 100.0%
Feudal
—
Castillos
—
Imperial
—
| APM promedio | 4.9 |
| APM pico | 9 |
| eAPM promedio | 4.9 |
| Aldeanos / militares | 0 / 0 |
Feudal
—
Castillos
—
Imperial
—
| APM promedio | 23.9 |
| APM pico | 39 |
| eAPM promedio | 9.8 |
| Aldeanos / militares | 7 / 0 |
Foco
⚔️ 0.0% · 🌾 100.0%
Feudal
—
Castillos
—
Imperial
—
| APM promedio | 90.8 |
| APM pico | 85 |
| eAPM promedio | 9.8 |
| Aldeanos / militares | 7 / 0 |
Foco
⚔️ 0.0% · 🌾 100.0%
Feudal
—
Castillos
—
Imperial
—
| APM promedio | 39.1 |
| APM pico | 71 |
| eAPM promedio | 8.2 |
| Aldeanos / militares | 4 / 0 |
Foco
⚔️ 0.0% · 🌾 100.0%
Feudal
—
Castillos
—
Imperial
—
| APM promedio | 48.9 |
| APM pico | 62 |
| eAPM promedio | 8.2 |
| Aldeanos / militares | 4 / 0 |
Foco
⚔️ 0.0% · 🌾 100.0%
Mapa de la partida
Recursos iniciales + cada clic de construcción. Líneas = muros · curvas = relieve. ◆ oro · ⬟ piedra · ● bayas · ✦ reliquia · ◌ hueco del cierre
Tu base
Base de GIntonic8989
Base de Halcón galáctico
Base de martinjmoralesv
Base de jonathan_penia
Base de ZZ|Gabriel
Base de culturaparacas
Base de Diplo
Terreno inicial suavizado · ◌ = hueco del cierre detectado · pasá el cursor para detalles
Inputs por minuto
— The thumbless - - GIntonic8989
Build order — The thumbless
7 acciones detectadas en el replay
| 0:02 | Construir | House |
| 0:05 | Construir | House |
| 0:12 | Crear | Villager (Male) |
| 0:12 | Crear | Villager (Male) |
| 0:12 | Crear | Villager (Male) |
| 0:12 | Crear | Villager (Male) |
| 1:37 | Crear | Villager (Male) |
Build order — GIntonic8989
7 acciones detectadas en el replay
| 0:02 | Crear | Villager (Male) |
| 0:03 | Crear | Villager (Male) |
| 0:03 | Crear | Villager (Male) |
| 0:05 | Construir | House |
| 0:07 | Construir | House |
| 0:12 | Crear | Villager (Male) |
| 1:06 | Crear | Villager (Male) |
Build order — Halcón galáctico
5 acciones detectadas en el replay
| 0:10 | Crear | Villager (Male) |
| 0:11 | Crear | Villager (Male) |
| 0:11 | Crear | Villager (Male) |
| 0:11 | Crear | Villager (Male) |
| 1:21 | Crear | Villager (Male) |
Build order — martinjmoralesv
0 acciones detectadas en el replay
Build order — jonathan_penia
9 acciones detectadas en el replay
| 0:03 | Construir | House |
| 0:04 | Construir | House |
| 0:08 | Crear | Villager (Male) |
| 0:09 | Crear | Villager (Male) |
| 0:09 | Crear | Villager (Male) |
| 0:09 | Crear | Villager (Male) |
| 0:09 | Crear | Villager (Male) |
| 1:30 | Crear | Villager (Male) |
| 1:31 | Crear | Villager (Male) |
Build order — ZZ|Gabriel
9 acciones detectadas en el replay
| 0:00 | Crear | Villager (Male) |
| 0:01 | Crear | Villager (Male) |
| 0:01 | Crear | Villager (Male) |
| 0:01 | Crear | Villager (Male) |
| 0:01 | Crear | Villager (Male) |
| 0:02 | Crear | Villager (Male) |
| 0:02 | Construir | House |
| 0:04 | Construir | House |
| 1:20 | Crear | Villager (Male) |
Build order — culturaparacas
6 acciones detectadas en el replay
| 0:03 | Construir | House |
| 0:04 | Construir | House |
| 0:05 | Crear | Villager (Male) |
| 0:05 | Crear | Villager (Male) |
| 0:06 | Crear | Villager (Male) |
| 0:06 | Crear | Villager (Male) |
Build order — Diplo
6 acciones detectadas en el replay
| 0:02 | Construir | House |
| 0:03 | Crear | Villager (Male) |
| 0:03 | Crear | Villager (Male) |
| 0:03 | Crear | Villager (Male) |
| 0:05 | Construir | House |
| 0:23 | Crear | Villager (Male) |
Cronología de la partida
| 0:54 | martinjmoralesv · resign |
[ ANÁLISIS IA · 1 CRÉDITO ]
¿Qué pasó realmente en esta partida?
Wolo.gg analiza cada decisión: build order, eco, micro, errores típicos por bracket. Análisis personalizado por WhatsApp o Discord en 30 segundos.
Guía civ
Jemeres
Guía mapa
Arabia
Perfil
The thumbless